 Dungeon Crawl Stone Soup version 0.25-a0-353-ged6d54792d (webtiles) character file.

Game seed: 15180667898959553782, levelgen mode: deterministic

7487 Fingolfin the Sneak (level 11, -1/97 HPs)
             Began as a Naga Wizard on Jan 2, 2020.
             Was a Priest of Sif Muna.
             Slain by a yak (7 damage)
             ... on level 10 of the Dungeon.
             The game lasted 00:40:39 (12176 turns).

Fingolfin the Sneak (Naga Wizard)                  Turns: 12176, Time: 00:40:40

Health: -1/97      AC: 15    Str: 10    XL:     11   Next: 16%
Magic:  1/16       EV:  8    Int: 21    God:    Sif Muna [***...]
Gold:   764        SH:  2    Dex: 10    Spells: 8/17 levels left

rFire    + . .     SeeInvis +   k - +3 quarterstaff (chaos)
rCold    + . .     Gourm    .   (shield currently unavailable)
rNeg     . . .     Faith    .   J - +3 leather armour
rPois    +         Spirit   .   e - +0 helmet
rElec    .         Reflect  +   f - +0 cloak
rCorr    .         Harm     .   (no gloves)
MR       +....                  y - +0 naga barding
Stlth    +++.......             w - +2 amulet of reflection
HPRegen  0.26/turn              r - ring of protection from fire
MPRegen  0.15/turn              A - ring of protection from cold

@: lightly drained, very slow
A: large, see invisible, deformed body, poison resistance, slowness 2, slow
metabolism 1, spit poison 1, AC +3
a: Spit Poison, Channel Magic, Forget Spell, Renounce Religion


You were on level 10 of the Dungeon.
You worshipped Sif Muna.
Sif Muna was most pleased with you.
You were hungry.

You visited 3 branches of the dungeon, and saw 13 of its levels.
You also visited: Sewer.

You collected 764 gold pieces.

Inventory:

Hand Weapons
 k - a +3 quarterstaff of chaos (weapon)
Armour
 a - a +0 robe
 e - a +0 helmet (worn)
 f - a +0 cloak (worn)
 j - a +0 robe of positive energy
 q - the +2 hat of the Bear Spirit {Spirit, +Rage rN+ MR++}
   (You found it on level 10 of the Dungeon)

   It protects you from negative energy.
   It affects your resistance to hostile enchantments.
   It lets you go berserk.
 y - a +0 naga barding (worn)
 G - a +0 buckler
 J - a +3 leather armour (worn)
Jewellery
 r - a ring of protection from fire (left hand)
 w - a +2 amulet of reflection (around neck)
 A - a ring of protection from cold (right hand)
Wands
 E - a wand of flame (28)
 H - a wand of iceblast (4)
 I - a wand of random effects (7)
Scrolls
 c - 13 scrolls of remove curse
 g - 3 scrolls of fog
 l - 3 scrolls of blinking
 s - 2 scrolls of immolation
 t - 3 scrolls of fear {unknown}
 x - a scroll of enchant weapon {unknown}
 z - 4 scrolls of amnesia
 B - 3 scrolls of enchant armour {unknown}
 C - a scroll of vulnerability {unknown}
 K - a scroll of identify
Potions
 h - 2 potions of might {unknown}
 i - 4 potions of mutation
 m - 6 potions of flight
 n - 3 potions of invisibility
 o - 4 potions of resistance
 p - a potion of degeneration {unknown}
 u - 5 potions of brilliance
 v - a potion of heal wounds
 D - a potion of berserk rage {unknown}
 F - 3 potions of lignification {unknown}
Comestibles
 b - 3 chunks of flesh
 d - 14 rations


   Skills:
 - Level 6.1(5.8) Fighting
 - Level 6.2(5.9) Staves
 + Level 4.6(4.2) Armour
 + Level 4.6(4.2) Dodging
 - Level 6.2(5.9) Stealth
 - Level 3.5(3.2) Spellcasting
 - Level 6.0(5.7) Conjurations
   Level 1.0(0.7) Summonings
 - Level 2.0(1.7) Translocations
 - Level 2.0(1.7) Fire Magic
 - Level 2.5(2.2) Air Magic
 - Level 2.0(1.7) Poison Magic
 - Level 6.0(5.6) Invocations
 - Level 6.1(5.7) Evocations


You had 8 spell levels left.
You knew the following spells:

 Your Spells              Type           Power        Failure   Level  Hunger
a - Magic Dart            Conj           ####         1%          1    None
b - Blink                 Tloc           N/A          12%         2    ##.....
c - Conjure Flame         Conj/Fire      ###.....     11%         3    ###....
d - Mephitic Cloud        Conj/Pois/Air  ###.....     14%         3    ###....

Your spell library contained the following spells:

 Spells                   Type           Power        Failure   Level  Hunger
 Call Imp                 Summ           #.......     19%         2    ##.....
 Slow                     Hex            #.......     26%         2    ##.....


Dungeon Overview and Level Annotations

Branches:
Dungeon (11/15)            Temple (1/1) D:4            Lair (1/6) D:8
    Orc (0/2) D:11          Sewer (visited)

Altars:
Ashenzari
Cheibriados
Dithmenos
Elyvilon
Fedhas
Gozag
Hepliaklqana
Kikubaaqudgha
Makhleb
Nemelex Xobeh
Okawaru
Qazlal
Ru
Sif Muna
Trog
Uskayaw
Vehumet
Wu Jian
Xom
Yredelemnul
Zin
The Shining One

Shops:
D:4 }   D:6 [   D:7 [   D:8 %

Annotations:
D:8 3 runed translucent doors, Borgoz's ghost, novice GrFi


Innate Abilities, Weirdness & Mutations

You cannot wear boots.
Your serpentine skin is tough. (AC +3)
You have supernaturally acute eyesight. (SInv)
Armour fits poorly on your strangely shaped body.
Your system is resistant to poisons. (rPois)
You cover ground very slowly.
You have a slow metabolism.
You can spit poison.


Message History

The salamander is lightly wounded.
The yak gores you but does no damage. x2; The salamander barely misses you.
Casting: Magic Dart (safe; 1% risk of failure)
Confirm with . or Enter, or press ? or * to list all spells.
Aiming: Magic Dart (safe; 1% risk of failure)
Press: ? - help, Shift-Dir - straight line, f/p - salamander
Aim: a salamander (lightly wounded)
The magic dart hits the salamander.
The salamander is moderately wounded.
The yak gores you but does no damage. The yak closely misses you.
The salamander hits you but does no damage.
Casting: Magic Dart (safe; 1% risk of failure)
Confirm with . or Enter, or press ? or * to list all spells.
Aiming: Magic Dart (safe; 1% risk of failure)
Press: ? - help, Shift-Dir - straight line, f/p - salamander
Aim: a salamander (moderately wounded)
The magic dart hits the salamander but does no damage.
The salamander is moderately wounded.
The yak gores you but does no damage. The yak gores you!
You die...

#......# .. #......# ...
###......#############...
.................<.......
#######.....z............
# #.#######........ # #.#
#.....# # #)# #..ยง..# #
#.# #.@N..# #######.#
#)YY..#
........#######.....#
.........)).........#
########............#
#............#
#............#
#...........>#
#..............


You could see a salamander and 2 yaks.

Vanquished Creatures
  Maurice (D:11)
  A hornet (shapeshifter) (D:9)
  Prince Ribbit (D:7)
  3 hippogriffs
  A yak (D:10)
  A hog (shapeshifter) (D:8)
  A hungry ghost (D:11)
  2 porcupines (D:8)
  3 orc warriors
  A hornet zombie (D:9)
  2 black bears
  5 ice beasts
  A phantom (D:7)
  9 ogres
  5 centaurs
  4 big kobolds
  6 bullfrogs
  A gnoll sergeant (D:7)
  4 scorpions
  A water moccasin skeleton (D:9)
  9 killer bees
  4 wights (D:10)
  A howler monkey (D:11)
  4 crimson imps
  A quasit (D:5)
  5 jellies
  A centaur skeleton (D:6)
  10 hounds
  A gnoll shaman (D:10)
  3 orc priests
  Crazy Yiuf (D:2)
  4 orc wizards
  2 bullfrog skeletons
  3 iron imps (D:7)
  4 iguanas
  2 worker ants
  A killer bee zombie (D:8)
  A hound zombie (D:8)
  Robin (D:1)
  9 gnolls
  A howler monkey skeleton (D:4)
  7 adders
  2 river rats (D:3)
  2 shadow imps
  4 oozes
  An adder zombie (D:8)
  8 worms
  3 dart slugs
  8 leopard geckos
  19 orcs
  4 ball pythons
  11 bats
  8 giant cockroaches
  7 goblins
  9 hobgoblins
  21 jackals
  20 kobolds
  5 quokkas
  6 frilled lizards
  A quokka skeleton (D:9)
  2 quokka zombies
  8 rats
277 creatures vanquished.

Vanquished Creatures (others)
  A gargoyle (D:11)
  A wight (D:10)
2 creatures vanquished.

Grand Total: 279 creatures vanquished

Notes
Turn   | Place    | Note
-------+----------+-------------------------------------------
     0 | D:1      | Fingolfin the Naga Wizard began the quest for the Orb.
     0 | D:1      | Reached XP level 1. HP: 15/15 MP: 4/4
   157 | D:1      | Reached XP level 2. HP: 22/22 MP: 3/6
   188 | D:1      | Learned a level 2 spell: Blink
   800 | D:1      | Reached XP level 3. HP: 28/28 MP: 8/8
   817 | D:1      | Learned a level 3 spell: Conjure Flame
   824 | D:1      | Learned a level 3 spell: Mephitic Cloud
  1187 | D:2      | Found a basalt altar of Yredelemnul.
  1251 | D:2      | Found a faded altar of an unknown god.
  1272 | D:2      | Noticed Robin
  1324 | D:1      | Killed Robin
  2034 | D:2      | Reached XP level 4. HP: 36/36 MP: 5/9
  2084 | D:2      | Found a runed translucent door.
  2085 | D:2      | Noticed Crazy Yiuf
  2102 | D:2      | Killed Crazy Yiuf
  2343 | D:2      | Reached XP level 5. HP: 37/42 MP: 7/10
  2385 | D:2      | Found an iron altar of Okawaru.
  2691 | D:2      | Found a hazy altar of Hepliaklqana.
  3006 | D:3      | Reached skill level 5 in Conjurations
  3018 | D:3      | Found a glowing drain.
  3093 | Sewer    | Entered a sewer
  3277 | Sewer    | Reached XP level 6. HP: 49/49 MP: 9/11
  4130 | D:3      | Found a radiant altar of Vehumet.
  4318 | D:4      | Found Suebling's Gadget Emporium.
  4385 | D:4      | Reached skill level 1 in Fire Magic
  4385 | D:4      | Reached skill level 1 in Air Magic
  4385 | D:4      | Reached skill level 1 in Poison Magic
  4622 | D:4      | Found a staircase to the Ecumenical Temple.
  4628 | Temple   | Entered the Ecumenical Temple
  4849 | Temple   | Became a worshipper of Sif Muna the Loreminder
  4927 | D:4      | Found a white marble altar of Elyvilon.
  4946 | D:4      | Reached XP level 7. HP: 54/55 MP: 12/12
  5360 | D:5      | Entered Level 5 of the Dungeon
  5687 | D:5      | Found a shimmering altar of Xom.
  5694 | D:5      | Reached XP level 8. HP: 72/73 MP: 9/13
  5699 | D:5      | Reached * piety under Sif Muna
  6040 | D:5      | Reached skill level 5 in Fighting
  6050 | D:5      | Found a snail-covered altar of Cheibriados.
  6209 | D:6      | Reached skill level 1 in Armour
  6361 | D:6      | Found Xapekhay's Antique Armour Shoppe.
  6436 | D:6      | Found a blossoming altar of Fedhas.
  6527 | D:6      | Found a glowing silver altar of Zin.
  6587 | D:6      | Reached XP level 9. HP: 54/82 MP: 10/14
  7057 | D:7      | Noticed Prince Ribbit
  7397 | D:7      | Killed Prince Ribbit
  7397 | D:7      | Reached skill level 1 in Evocations
  7999 | D:7      | Found a sacrificial altar of Ru.
  8121 | D:7      | Reached ** piety under Sif Muna
  8367 | D:7      | Found a stormy altar of Qazlal.
  8615 | D:7      | Found Ajug's Armour Shoppe.
  8726 | D:7      | Found a burning altar of Makhleb.
  8770 | D:7      | Reached skill level 5 in Invocations
  8770 | D:7      | Reached XP level 10. HP: 91/91 MP: 1/15
  9130 | D:8      | Reached skill level 5 in Evocations
  9213 | D:8      | Found a runed translucent gate.
  9213 | D:8      | Found a runed translucent gate.
  9213 | D:8      | Found a runed translucent gate.
  9214 | D:8      | Found an opulent altar of Gozag.
  9214 | D:8      | Noticed Borgoz's ghost (novice GrFi)
  9215 | D:8      | Noticed an unseen horror
  9579 | D:8      | Reached skill level 5 in Stealth
  9643 | D:8      | Found Amagug's Food Shoppe.
  9779 | D:8      | Found a staircase to the Lair.
  9816 | D:8      | Reached skill level 1 in Staves
  9954 | Lair:1   | Entered Level 1 of the Lair of Beasts
  9954 | Lair:1   | Noticed a black mamba
  9954 | Lair:1   | Noticed a spiny frog
 10006 | D:9      | You fall into a shaft and drop 2 floors!
 10120 | D:11     | Noticed Maurice
 10133 | D:11     | Killed Maurice
 10140 | D:11     | Reached *** piety under Sif Muna
 10171 | D:11     | Noticed a two-headed ogre
 10180 | D:11     | Noticed a red ugly thing
 10180 | D:11     | Noticed a purple ugly thing
 10180 | D:11     | Noticed a gargoyle
 10180 | D:11     | Noticed a four-headed hydra
 10190 | D:11     | Noticed a centaur warrior
 10190 | D:11     | Noticed a death knight
 10192 | D:11     | Noticed a two-headed ogre
 10622 | D:11     | Banished a gargoyle
 10750 | D:11     | Noticed an elephant
 10750 | D:11     | a two-headed ogre changed into an elephant
 10753 | D:11     | Noticed a kobold demonologist
 10753 | D:11     | Noticed an orc knight
 10762 | D:11     | Noticed an unseen horror
 10781 | D:11     | Noticed a skeletal warrior
 10798 | D:11     | Reached skill level 5 in Staves
 10805 | D:10     | Entered Level 10 of the Dungeon
 10806 | D:10     | Found the +2 hat of the Bear Spirit {Spirit, +Rage rN+
                  | MR++}
 11293 | D:9      | Found a shadowy altar of Dithmenos.
 11328 | D:9      | Reached XP level 11. HP: 97/97 MP: 16/16
 12167 | D:10     | Noticed a salamander
 12167 | D:10     | a yak changed into a salamander
 12176 | D:10     | Slain by a yak

Levels and vault maps discovered:
D:1:      minmay_arrival_radiant_lines, layout_basic
D:2:      layout_basic, okawaru_trees_1, lemuel_round_altar, marbit_many_paths,
          chequers_ecumenical_altar_simple_redux, first_ration,
          uniq_crazy_yiuf_cottage, uniq_robin
D:3:      layout_loops_ring, nicolae_overflow_hidden_temple,
          portal_sewer_entry_e
D:4:      layout_loops_ring, old_standard_altar,
          minmay_temple_entry_enclosed_plants, serial_shops, nicolae_shop_stone,
          chequers_arboretum, hex_large, supply_closet_lemuel
D:5:      layout_basic, lemuel_doored_altar, led_xom_imps
D:6:      layout_cave_pools, overflow_temple_1_default, kennysheep_mini,
          serial_co_window_serial, co_window_paths_a, co_window_paths_b,
          co_window_of_opportunity_a, co_window_paths_b, co_window_paths_a,
          co_window_2corner, co_window_2corner, co_window_broadway_b,
          co_window_of_opportunity_c, glass_columns_b, serial_shops,
          kennysheep_mini_moat, minmay_misc_feat_x
D:7:      layout_basic, nicolae_ru_path_of_blood, old_standard_altar,
          demons_altar, serial_rivers, chequers_serial_rivers_room_b,
          chequers_serial_rivers_micro_b, chequers_serial_rivers_large_a,
          chequers_serial_rivers_large_b, serial_shops, kennysheep_little_box,
          uniq_prince_ribbit1
D:8:      layout_basic, grunt_lair_entry_orc_guard_hut, ebering_ghost_gozag,
          serial_shops, nicolae_shop_waterfront
D:9:      layout_rooms, lemuel_crystal_altar
D:10:     layout_irregular_city, ebering_ghost_xom
D:11:     minmay_the_grid_square_5x5_5x5
          [minmay_the_grid_square_5x5_three_small,
          minmay_the_grid_square_5x5_shrine1, minmay_the_grid_square_5x5_c,
          minmay_the_grid_square_5x5_meh,
          minmay_the_grid_square_5x5_almost_minimal,
          minmay_the_grid_square_5x5_eight,
          minmay_the_grid_square_5x5_prize_open,
          minmay_the_grid_square_5x5_inner_v,
          minmay_the_grid_square_5x5_prize_gold,
          minmay_the_grid_square_5x5_three,
          minmay_the_grid_square_5x5_intrusive_squares,
          minmay_the_grid_square_5x5_hollow_slash,
          minmay_the_grid_square_5x5_prize_monsterx,
          minmay_the_grid_square_5x5_spiral, minmay_the_grid_square_5x5_percent,
          minmay_the_grid_square_5x5_n_small,
          minmay_the_grid_square_5x5_prize_junk,
          minmay_the_grid_square_5x5_plus,
          minmay_the_grid_square_5x5_prize_itemx, minmay_the_grid_square_5x5_z,
          minmay_the_grid_square_5x5_mess,
          minmay_the_grid_square_5x5_two_walls_b,
          minmay_the_grid_square_5x5_two_walls_a,
          minmay_the_grid_square_5x5_lines, minmay_the_grid_square_5x5_longway],
          layout_basic, uniq_maurice
Temple:   jpeg_temple_island
Lair:1:   dragon1_lemuel, layout_cave_pods

Skill      XL: |  1  2  3  4  5  6  7  8  9 10 11 |
---------------+----------------------------------+-----
Conjurations   | 2 3 4 5 6 |  6.0
Fire Magic     | 1 2 |  2.0
Air Magic      | 1 2 |  2.5
Poison Magic   | 2 |  2.0
Translocations | 2 |  2.0
Fighting       | 4 6 |  6.1
Armour         | 2 4 |  4.6
Dodging        | 3 4 |  4.6
Invocations    | 5 6 |  6.0
Evocations     | 4 6 |  6.1
Stealth        | 6 |  6.2
Staves         | 6 |  6.2
Spellcasting   | |  3.5
Summonings     | |  1.0

Action                   |  1- 3 |  4- 6 |  7- 9 | 10-12 || total
-------------------------+-------+-------+-------+-------++-------
Melee: Dagger            |     5 |       |       |       ||     5
       Short sword       |    32 |     2 |       |       ||    34
       Quarterstaff      |       |    85 |   196 |   250 ||   531
 Cast: Magic Dart        |    49 |    52 |   141 |   128 ||   370
       Mephitic Cloud    |     1 |     4 |     7 |    11 ||    23
       Conjure Flame     |     1 |     5 |     4 |    14 ||    24
       Blink             |       |     1 |     2 |     7 ||    10
 Abil: Spit Poison       |    31 |    20 |    36 |    29 ||   116
Evoke: Wand              |       |       |       |     6 ||     6
  Use: Scroll            |       |       |     9 |     9 ||    18
       Potion            |       |       |       |     3 ||     3
 Stab: Confused          |     1 |     1 |     3 |     5 ||    10
       Sleeping          |       |     7 |     4 |     3 ||    14
       Paralysed         |       |     1 |     2 |       ||     3
       Petrified         |       |       |       |     3 ||     3
  Eat: Chunk             |     3 |    10 |    11 |    17 ||    41
       Ration            |       |       |     1 |       ||     1
Armor: Robe              |    10 |    36 |   107 |    46 ||   199
       Leather armour    |       |       |       |   154 ||   154
Dodge: Dodged            |    27 |    56 |   109 |   151 ||   343
Block: Other             |       |       |    16 |    21 ||    37

Table legend:
 A = Non-vault XP
 B = Vault XP
 C = Vault XP percentage of total XP
 D = Non-vault monster count
 E = Vault monster count
 F = Vault count percentage of total count
                 A         B        C        D         E       F
            +---------+---------+-------+---------+---------+-------
      Total |    8305 |    2391 |  22.4 |     219 |      60 |  21.5
            +---------+---------+-------+---------+---------+-------
        D:1 |      41 |      16 |  28.1 |      23 |       1 |   4.2
        D:2 |     119 |      51 |  30.0 |      14 |       8 |  36.4
        D:3 |      59 |      36 |  37.9 |      16 |       8 |  33.3
        D:4 |     279 |       0 |   0.0 |      11 |       0 |   0.0
        D:5 |     548 |     190 |  25.7 |      26 |       4 |  13.3
        D:6 |    1000 |       0 |   0.0 |      16 |       0 |   0.0
        D:7 |    1879 |     377 |  16.7 |      37 |       4 |   9.8
        D:8 |    1527 |     590 |  27.9 |      31 |       5 |  13.9
        D:9 |    1567 |       0 |   0.0 |      26 |       0 |   0.0
       D:10 |     914 |       0 |   0.0 |      15 |       0 |   0.0
       D:11 |     372 |    1068 |  74.2 |       4 |       5 |  55.6
      Sewer |       0 |      63 | 100.0 |       0 |      25 | 100.0
            +---------+---------+-------+---------+---------+-------
